 Dungeon Crawl Stone Soup version 0.23.1 (webtiles) character file.

Game seed: 0

635 night the Caller (level 7, -2/41 HPs)
             Began as a Barachi Summoner on Mar 17, 2019.
             Was a Believer of Ru.
             Slain by a scorpion (8 damage)
             ... on level 5 of the Dungeon.
             The game lasted 00:23:37 (9553 turns).

night the Caller (Barachi Summoner)                 Turns: 9553, Time: 00:23:38

Health: -2/41      AC:  2    Str:  7 (9)  XL:     7   Next: 50%
Magic:  12/15      EV: 12    Int: 17 (18) God:    Ru [**....]
Gold:   219        SH:  0    Dex: 14 (16) Spells: 7/17 levels left

rFire    . . .     SeeInvis .   z - +0 trident
rCold    + . .     Gourm    .   (no shield)
rNeg     . . .     Faith    .   a - +0 robe
rPois    .         Spirit   .   (no helmet)
rElec    .         Reflect  .   (no cloak)
rCorr    .         Harm     .   (no gloves)
MR       .....                  (no boots)
Stlth    ++........             (no amulet)
HPRegen  0.13/turn              q - ring of protection from cold
MPRegen  0.14/turn              (no ring)

@: slow
A: +LOS, swims, agile 2, frail 1, slowness 1, strong legs 1
a: Hop, Renounce Religion


You were on level 5 of the Dungeon.
You worshipped Ru.
Ru was pleased with you.
You were near starving.

You visited 2 branches of the dungeon, and saw 6 of its levels.

You collected 219 gold pieces.

Inventory:

Hand Weapons
 m - a +0 short sword
 y - a +1 hand axe of chopping
 z - a +0 trident (weapon)
Missiles
 e - 260 stones (quivered)
 i - 7 tomahawks
 j - 66 sling bullets
 o - 49 bolts
 t - 5 javelins
Armour
 a - a +0 robe (worn)
 p - a +0 scale mail
 B - a +0 leather armour
Magical Staves
 v - an uncursed staff of power
Jewellery
 q - a ring of protection from cold (left hand)
Wands
 w - a wand of random effects (24)
Scrolls
 b - 4 scrolls of remove curse {unknown}
 f - a scroll of magic mapping {unknown}
 k - 2 scrolls of fear {unknown}
 l - 3 scrolls of teleportation {unknown}
 n - a scroll of fog {unknown}
 r - 5 scrolls of identify {unknown}
 s - a scroll of enchant armour {unknown}
 u - a scroll of amnesia {unknown}
Potions
 g - 3 potions of flight
 h - a potion of degeneration
Comestibles
 c - 6 rations


   Skills:
 - Level 2.1 Dodging
 - Level 1.7 Stealth
 + Level 5.5 Spellcasting
 + Level 7.8 Summonings
 + Level 3.1 Air Magic


You had 7 spell levels left.
You knew the following spells:

 Your Spells              Type           Power        Failure   Level  Hunger
a - Summon Small Mammal   Summ           ####         1%          1    None
b - Call Imp              Summ           ####....     1%          2    #......
c - Call Canine Familiar  Summ           ####....     1%          3    ##.....
d - Summon Lightning Spi  Summ/Air       ###.....     14%         4    ####...

Your spell library contained the following spells:

 Spells                   Type           Power        Failure   Level  Hunger
 Summon Guardian Golem    Hex/Summ       ###.....     9%          3    ##.....
 Summon Ice Beast         Ice/Summ       ###.....     26%         4    ####...


Dungeon Overview and Level Annotations

Branches:
Dungeon (5/15)             Temple (1/1) D:5

Altars:
Ashenzari
Cheibriados
Dithmenos
Elyvilon
Fedhas
Gozag
Kikubaaqudgha
Makhleb
Nemelex Xobeh
Okawaru
Qazlal
Ru
Sif Muna
Uskayaw
Vehumet
Wu Jian
Xom
Yredelemnul
Zin
The Shining One


Innate Abilities, Weirdness & Mutations

Shadows flee at your approach. (+LOS)
You can swim through water.
You are frail. (-10% HP)
You cover ground slowly.
You can hop short distances.
You are very agile. (Dex +4)


Message History

Your crimson imp hits the hound.
Your crimson imp barely misses the hound.
The howler monkey hoots and howls with incredible vigour!
The hound bites your crimson imp but does no damage.
The hound barely misses your crimson imp.
The howler monkey hoots and howls with incredible vigour!
Your crimson imp hits the hound but does no damage.
Your crimson imp blinks!
Your shadow imp barely misses the hound.
The hound closely misses your crimson imp.
Your crimson imp hits the hound.
Your shadow imp gestures at the hound.
The hound writhes in agony.
The hound dies!
A quokka comes into view.
The howler monkey hoots and howls with incredible vigour!
A crimson imp comes into view.
The crimson imp shouts!
The scorpion stings you!
You die...

...........# ##..#≈#.....#≈#.##
...........## ##..≈.......≈...##
............# #..≈.......r....#
............# #..≈...>...≈.....
#...........## #..≈..55...≈....[
#............###..≈.......≈.....
##...........##..#≈#.....#≈#....
###......#####..#≈≈≈≈≈≈≈≈≈# ...
######## #..@###.....###.
#.5#.sh........... ###### #..
######.##....... ##....#####.#
#.......... ##.......<...#
#####..#... ##..........##
#.##.. #..........## .. ##
...........# .. .......##..#


You could see a scorpion, a howler monkey and a crimson imp.

Vanquished Creatures
  A centaur (D:5)
  A howler monkey (D:4)
  A centaur skeleton (D:5)
  A worker ant (D:4)
  An adder (D:4)
  2 dart slugs (D:2)
  4 leopard geckos
  4 orcs
  5 bats
  4 giant cockroaches
  6 goblins
  A hobgoblin (D:1)
  3 jackals (D:4)
  8 kobolds
  A quokka (D:3)
  6 frilled lizards
  A quokka zombie (D:5)
  10 rats
60 creatures vanquished.

Vanquished Creatures (collateral kills)
  Menkaure (D:4)
  An ogre (D:4)
  A scorpion (D:4)
  3 hounds
  5 orc priests
  3 orc wizards (D:4)
  5 adders
  An ooze (D:4)
  2 worms (D:3)
  3 orcs
  A ball python (D:1)
  A giant cockroach (D:1)
  3 goblins (D:1)
  3 hobgoblins
  3 jackals
  2 kobolds (D:3)
  5 bats
  3 frilled lizards (D:1)
  3 rats
49 creatures vanquished.

Grand Total: 109 creatures vanquished

Notes
Turn   | Place    | Note
-------+----------+-------------------------------------------
     0 | D:1      | night the Barachi Summoner began the quest for the Orb.
     0 | D:1      | Reached XP level 1. HP: 13/13 MP: 3/3
   505 | D:1      | Reached skill level 5 in Summonings
   769 | D:1      | Reached XP level 2. HP: 14/19 MP: 2/5
  1755 | D:1      | Reached XP level 3. HP: 20/24 MP: 7/7
  1988 | D:2      | Found an iron altar of Okawaru.
  2255 | D:2      | Learned a level 2 spell: Call Imp
  2259 | D:2      | Learned a level 3 spell: Call Canine Familiar
  2671 | D:2      | Found a glowing silver altar of Zin.
  2985 | D:2      | Found a sacrificial altar of Ru.
  2985 | D:2      | Found a basalt altar of Yredelemnul.
  2993 | D:2      | Found an ornate altar of the Wu Jian Council.
  2998 | D:2      | Found a glowing golden altar of the Shining One.
  3000 | D:2      | Found a shimmering altar of Xom.
  3025 | D:2      | Became a worshipper of Ru the Awakened
  3349 | D:3      | Reached XP level 4. HP: 30/30 MP: 3/9
  3622 | D:3      | Found a radiant altar of Vehumet.
  3709 | D:3      | Gained mutation: You evolve. [potion of mutation]
  3709 | D:3      | Gained mutation: You are agile. (Dex +2) [potion of
                  | mutation]
  4092 | D:3      | Found a hide-covered altar of Uskayaw.
  4092 | D:3      | Found a deep blue altar of Sif Muna.
  4272 | D:3      | Reached skill level 6 in Summonings
  5328 | D:3      | Found a stormy altar of Qazlal.
  5716 | D:3      | Gained mutation: You are very agile. (Dex +4) [evolution]
  5716 | D:3      | Lost mutation: You evolve. [end of evolution]
  5736 | D:4      | Noticed an ogre
  5753 | D:4      | Killed an ogre
  5753 | D:4      | Reached XP level 5. HP: 35/35 MP: 1/11
  5907 | D:4      | Reached XP level 6. HP: 5/41 MP: 7/12
  6202 | D:4      | Learned a level 4 spell: Summon Lightning Spire
  6344 | D:4      | Reached skill level 7 in Summonings
  6473 | D:4      | Gained mutation: You are frail. (-10% HP) [Ru sacrifice]
  6473 | D:4      | Reached * piety under Ru
  6473 | D:4      | Reached ** piety under Ru
  6526 | D:4      | Reached skill level 1 in Air Magic
  6808 | D:4      | Noticed Menkaure
  6831 | D:4      | Killed Menkaure
  6831 | D:4      | Reached skill level 5 in Spellcasting
  7024 | D:4      | HP: 1/36 [orc priest/divine providence (12)]
  7073 | D:4      | Reached XP level 7. HP: 9/41 MP: 14/14
  7091 | D:4      | HP: 2/61 [orc priest/divine providence (11)]
  8476 | D:5      | Entered Level 5 of the Dungeon
  9259 | D:5      | Found a snail-covered altar of Cheibriados.
  9309 | D:5      | Found a shadowy altar of Dithmenos.
  9324 | D:5      | Found a staircase to the Ecumenical Temple.
  9336 | Temple   | Entered the Ecumenical Temple
  9553 | D:5      | Slain by a scorpion

Skill      XL: |  1  2  3  4  5  6  7 |
---------------+----------------------+-----
Summonings     | 5 6 7 |  7.8
Spellcasting   | 3 4 5 |  5.5
Air Magic      | 2 3 |  3.1
Dodging        | |  2.1
Stealth        | |  1.7

Action                   |  1- 3 |  4- 6 |  7- 9 || total
-------------------------+-------+-------+-------++-------
Melee: Unarmed           |    61 |       |       ||    61
       Club              |    33 |       |       ||    33
       Short sword       |    25 |       |       ||    25
       Spear             |    78 |   119 |    12 ||   209
       Hand axe          |       |    58 |    36 ||    94
       Staff             |       |     1 |       ||     1
       Trident           |       |       |    19 ||    19
 Cast: Summon Small Mamm |    17 |     3 |       ||    20
       Call Imp          |     4 |    29 |     6 ||    39
       Call Canine Famil |     1 |     8 |     2 ||    11
       Summon Lightning  |       |     1 |     3 ||     4
Invok: Sacrifice Health  |       |     1 |       ||     1
 Abil: Hop               |     2 |     2 |       ||     4
  Use: Potion            |       |     8 |     2 ||    10
 Stab: Sleeping          |     1 |     3 |       ||     4
       Distracted        |     3 |     2 |       ||     5
  Eat: Chunk             |     9 |    10 |     5 ||    24
       Ration            |       |     1 |     1 ||     2
Armor: Robe              |    37 |    34 |     4 ||    75
       Skin              |       |     8 |       ||     8
Dodge: Dodged            |   163 |   176 |    66 ||   405
